 Dungeon Crawl Stone Soup version 0.16.1-51-g6203257 (webtiles) character file.

189 uhvn the Sneak (level 5, -2/27 HPs)
             Began as a Vine Stalker Enchanter on July 10, 2015.
             Shot with a poisoned arrow by a centaur (8 damage)
             ... on level 3 of the Dungeon.
             The game lasted 00:11:01 (2707 turns).

uhvn the Sneak (Vine Stalker Enchanter)             Turns: 2707, Time: 00:11:01

Health: -2/27      AC:  7    Str: 11    XL:     5   Next: 68%
Magic:  0/13       EV: 12    Int: 15    God:
Gold:   144        SH:  0    Dex: 15    Spells: 2 memorised, 7 levels left

rFire  . . .     SeeInvis .     a - +1 dagger
rCold  . . .     Clarity  .     b - +1 robe
rNeg   . . .     SustAb   .     (no shield)
rPois  .         Gourm    .     s - +0 helmet
rElec  .         Spirit   +     r - +2 cloak
rCorr  .         Warding  .     (no gloves)
rMut   .         Stasis   .     (no boots)
MR     .....                    (no amulet)
Stlth  +++.......               (no ring)
                                (no ring)

@: very slightly contaminated, not resistant to hostile enchantments, fairly
stealthy
A: fangs 2, regeneration 1, magic shield, antimagic bite, no device heal 3, rot
immunity
a: no special abilities


You were on level 3 of the Dungeon.
You were not hungry.

You visited 1 branch of the dungeon, and saw 3 of its levels.

You collected 144 gold pieces.

Inventory:

Hand weapons
 a - a +1 dagger (weapon)
 q - a +3 quarterstaff of chaos
Armour
 b - a +1 robe (worn)
 m - a +0 buckler
 p - a +0 animal skin
 r - a +2 cloak (worn)
 s - a +0 helmet (worn)
Jewellery
 w - a +4 ring of protection {unknown}
Magical devices
 o - a wand of flame (29)
Scrolls
 h - 4 scrolls of identify {unknown}
 i - a scroll of recharging {unknown}
 j - a scroll of immolation {unknown}
 k - a scroll of random uselessness {unknown}
 n - a scroll of teleportation {unknown}
 t - a scroll of enchant armour {unknown}
 u - a scroll of blinking {unknown}
Potions
 e - 5 potions of curing {unknown}
 f - a potion of magic {unknown}
 g - a potion of haste {unknown}
 v - a potion of might {unknown}
Books
 c - a book of Maledictions

   Spells                             Type                      Level
   a - Corona                         Hexes                        1
   b - Sure Blade                     Hexes/Charms                 2
   c - Ensorcelled Hibernation        Hexes/Ice                    2
   d - Confuse                        Hexes                        3
   e - Dazzling Spray                 Conjuration/Hexes            3
   f - Enslavement                    Hexes                        4
Comestibles
 d - 2 bread rations
 l - 4 fruits


   Skills:
 * Level 2.4 Fighting
 * Level 2.2 Short Blades
 + Level 2.1 Dodging
 + Level 4.5 Stealth
 * Level 3.2 Spellcasting
 - Level 3.0 Hexes
 + Level 0.4 Ice Magic


You had 7 spell levels left.
You knew the following spells:

 Your Spells              Type           Power        Failure   Level  Hunger
a - Corona                Hex            ##.....      8%          1    #......
b - Ensorcelled Hibernat  Hex/Ice        #.....       14%         2    ##.....


Dungeon Overview and Level Annotations

Branches:
Dungeon (3/15)

Altars:


Innate Abilities, Weirdness & Mutations

You have extremely sharp teeth.
Your natural rate of healing is unusually fast.
When hurt, damage is shared between your health and your magic reserves.
Your bite disrupts and absorbs the magic of your enemies.
Potions and wands cannot restore your health.
You are immune to rotting.


Message History

The centaur closely misses you.
Casting: Ensorcelled Hibernation
Confirm with . or Enter, or press ? or * to list all spells.
Aiming: Ensorcelled Hibernation
Press: ? - help, Shift-Dir - straight line, f/p - centaur
Aim: a centaur (chance 38%)
You miscast Ensorcelled Hibernation.
You are very lightly contaminated with residual magic.
Strange energies run through your body. The centaur hits you!
Casting: Ensorcelled Hibernation
Confirm with . or Enter, or press ? or * to list all spells.
Aiming: Ensorcelled Hibernation
Press: ? - help, Shift-Dir - straight line, f/p - centaur
Aim: a centaur (chance 38%)
You miscast Ensorcelled Hibernation.
Strange energies run through your body. The centaur hits you.
The centaur hits you!
* * * LOW HITPOINT WARNING * * *
The centaur wields an uncursed shortbow.
The centaur shoots a poisoned arrow.
The poisoned arrow hits you!
You die...

#......†...#
#.########.# #.# #.#
#.# ####.#########
#.# #............#
#.#####.##.###.#.#.#
#.##...............#
##.##.##.##.###.#.#.#
.........##.# #.@...#
......#####†# ###(#[#
.#..........# #c#.#
.############ #.# #
.# #.# .# #.# .# #.#
.# #.# .# #.#


You could see a centaur.

Vanquished Creatures
  Crazy Yiuf (D:2)
  Terence (D:3)
  Robin (D:2)
  5 adders
  3 worms
  A giant gecko (D:2)
  An ooze (D:1)
  11 bats
  16 goblins
  14 hobgoblins
  4 jackals (D:1)
  8 kobolds
  A ball python (D:1)
  3 giant cockroaches
  3 giant newts
  3 rats (D:2)
76 creatures vanquished.

Notes
Turn   | Place    | Note
--------------------------------------------------------------
     0 | D:1      | uhvn, the Vine Stalker Enchanter, began the quest for the Orb.
     0 | D:1      | Reached XP level 1. HP: 9/9 MP: 3/3
   231 | D:1      | Reached skill level 1 in Fighting
   231 | D:1      | Reached XP level 2. HP: 12/14 MP: 5/5
   422 | D:1      | Reached skill level 1 in Short Blades
   797 | D:1      | Reached XP level 3. HP: 10/18 MP: 5/7
   880 | D:1      | Reached skill level 4 in Stealth
  1190 | D:2      | Reached XP level 4. HP: 14/22 MP: 6/9
  1486 | D:2      | Noticed Crazy Yiuf
  1509 | D:2      | Learned a level 2 spell: Ensorcelled Hibernation
  1519 | D:2      | Killed Crazy Yiuf
  2059 | D:3      | Reached XP level 5. HP: 21/26 MP: 1/13
  2160 | D:3      | Noticed Robin
  2345 | D:2      | Killed Robin
  2452 | D:3      | Noticed Terence
  2484 | D:3      | Killed Terence
  2702 | D:3      | Noticed a centaur
  2707 | D:3      | Shot with a poisoned arrow by a centaur

Action                   |  1- 3 |  4- 6 || total
-------------------------+-------+-------++-------
Melee: Dagger            |   101 |   172 ||   273
 Cast: Corona            |    22 |    28 ||    50
       Ensorcelled Hiber |       |     9 ||     9
 Stab: Sleeping          |     3 |     6 ||     9
  Eat: Chunk             |       |     7 ||     7
